 Dungeon Crawl Stone Soup version 0.29.1-15-g9cfb28693d (webtiles) character file.

Game seed: 6556607968413656081

103 protoss039 the Digger (level 4, -5/33 HPs)
             Began as a Demonspawn Earth Elementalist on Mar 2, 2023.
             Killed by divine providence
             ... invoked by an orc priest
              (14 damage)
             ... on level 3 of the Dungeon.
             The game lasted 00:02:40 (2239 turns).

protoss039 the Digger (DsEE)                        Turns: 2239, Time: 00:02:40

Health: -5/33      AC:  5    Str:  8    XL:     4   Next: 51%
Magic:  8/8        EV: 10    Int: 18    God:
Gold:   77         SH:  0    Dex: 14    Spells: 8/9 levels left

rFire   . . .      SeeInvis .   j - +3 quarterstaff
rCold   . . .      Faith    .   (shield currently unavailable)
rNeg    . . .      Spirit   .   m - +0 ring mail
rPois   .          Reflect  .   (no helmet)
rElec   .          Harm     .   (no cloak)
rCorr   .          Rampage  .   (no gloves)
Will    .....                   (no boots)
Stlth   +.........              (no amulet)
HPRegen 0.11/turn               (no ring)
MPRegen 0.11/turn               (no ring)

@: no status effects
A: hooves 1, demonic magic 2
a: no special abilities


You were on level 3 of the Dungeon.
You visited 1 branch of the dungeon, and saw 3 of its levels.

You collected 77 gold pieces.

Inventory:

Hand Weapons
 j - a +3 quarterstaff (weapon)
Armour
 m - a +0 ring mail (worn)
Scrolls
 a - 2 scrolls of blinking {unknown}
 c - 2 scrolls of identify {unknown}
 d - a scroll of enchant armour {unknown}
 f - 2 scrolls of magic mapping
 g - a scroll of amnesia {unknown}
 k - a scroll of enchant weapon {unknown}
 n - a scroll of teleportation {unknown}
Potions
 b - a potion of magic
 e - a potion of heal wounds {unknown}
 h - a potion of brilliance {unknown}
 i - a potion of degeneration {unknown}
 l - a potion of haste {unknown}
 o - a potion of ambrosia {unknown}


   Skills:
 + Level 2.2 Fighting
 - Level 1.7 Dodging
 - Level 1.7 Stealth
 + Level 3.0 Spellcasting
 - Level 0.8 Transmutations
 + Level 3.5 Earth Magic


You had 8 spell levels left.
You knew the following spells:

 Your Spells              Type           Power      Damage    Failure   Level
a - Sandblast             Erth           30%        2d9       12%         1

Your spell library contained the following spells:

 Spells                   Type           Power      Damage    Failure   Level
 Passwall                 Tmut/Erth      8%         N/A       30%         2
 Stone Arrow              Conj/Erth      18%        3d8       58%         3
 Dazzling Flash           Conj/Hex       4%         N/A       83%         3
 Petrify                  Tmut/Erth      10%        N/A       90%         4
 Iskenderun's Mystic Bla  Conj/Tloc      2%         2d3       99%         4
 Starburst                Conj/Fire      1%         6d3       100%        6


Dungeon Overview and Level Annotations

Branches:
Dungeon (3/15) Zot: 15715

Altars:


Innate Abilities, Weirdness & Mutations

You have large cloven feet.
Spells you cast may paralyse nearby enemies.


Message History

It was a scroll of magic mapping.
The endoplasm quivers.
Unknown command.
You hit the endoplasm.
You kick the endoplasm, but do no damage.
The endoplasm is heavily wounded.
The endoplasm freezes you.
You are frozen.
You hit the endoplasm.
The endoplasm is almost dead.
The endoplasm hits you but does no damage.
Unknown command.
You hit the endoplasm.
You kill the endoplasm!
Unknown command.
No target in view!
Unknown command.
HP restored.
A rat comes into view.
Found a leather armour.
Found a stone staircase leading down.
A rat is nearby!
A rat is nearby!
A rat is nearby! 2 orc priests come into view.
The orc priest shouts! x2
An orc wizard comes into view. It is wielding a +0 dagger.
The orc wizard shouts!
You hear a shout!
The orc priest mumbles some strange prayers to Beogh against you.
Beogh smites you! The rat barely misses you.
The orc wizard moves out of view.
An orc comes into view. It is wielding a +0 club.
You closely miss the rat. You kick the rat.
The rat is heavily wounded.
The orc priest begins to cast a cantrip, but forgets the words!
The orc priest mumbles some strange prayers to Beogh against you.
Beogh smites you!
* * * LOW HITPOINT WARNING * * *
The rat barely misses you.
The orc priest invokes the aid of Beogh against you.
Beogh smites you!
You die...

****
*,,,,,,,*,o,,,,*,*
*
*,,,,,,,*,#o#,,*,*
####
*,,,,,,,*,#o.,,,,*
...#
*,,,,,,,*,#o#*,***
.#.#
*,,,,,,,*,...,,*
.#.#
*,,,,,,,**#.#***
<#.#########** #[#
...........# #r#
####.......# #@#
####..####.#####.#
##...............#
...#..####.#######
####..####.#
...........#
############


You could see 2 orc priests, an orc and a rat.

Vanquished Creatures
  3 adders (D:2)
  2 worms
  2 dart slugs (D:1)
  An orc (D:2)
  9 ball pythons
  7 endoplasms
  4 giant cockroaches
  9 goblins
  4 hobgoblins
  4 jackals (D:1)
  A quokka (D:1)
  A bat (D:1)
  2 frilled lizards (D:2)
  4 kobolds
  6 rats
59 creatures vanquished.

Notes
Turn   | Place    | Note
-------+----------+-------------------------------------------
     0 | D:1      | protoss039 the Demonspawn Earth Elementalist began the
                  | quest for the Orb.
     0 | D:1      | Reached XP level 1. HP: 13/13 MP: 3/3
    23 | D:1      | Found a faded altar of an unknown god.
   113 | D:1      | Gained mutation: You have large cloven feet. [demonic
                  | ancestry]
   113 | D:1      | Reached XP level 2. HP: 20/20 MP: 3/5
   221 | D:1      | Reached skill level 1 in Fighting
   627 | D:1      | Gained mutation: Spells you cast may paralyse adjacent
                  | enemies. [demonic ancestry]
   627 | D:1      | Reached XP level 3. HP: 26/26 MP: 4/6
  1032 | D:1      | HP: 1/26 [frozen (4)]
  1562 | D:2      | Gained mutation: Spells you cast may paralyse nearby
                  | enemies. [demonic ancestry]
  1562 | D:2      | Reached XP level 4. HP: 28/33 MP: 6/8
  2239 | D:3      | Killed from afar by an orc priest

Illustrated notes

Levels and vault maps discovered:
D:1:      eino_arrival_tree_alley, layout_loops_cross, basic_ecumenical_altar,
          chequers_serial_rivers_small_b, solitary_fountain
D:2:      layout_loops_ring, st_stairs_4
D:3:      layout_loops_cross, serial_shops, nicolae_shop_behind_doors,
          kennysheep_cross_bottleneck

Skill      XL: |  1  2  3  4 |
---------------+-------------+-----
Fighting       | 1 2 |  2.2
Earth Magic    | 3 |  3.5
Spellcasting   | 3 |  3.0
Dodging        | |  1.7
Stealth        | |  1.7
Transmutations | |  0.8

Action                   |  1- 3 |  4- 6 || total
-------------------------+-------+-------++-------
Melee: Club              |     8 |       ||     8
       Quarterstaff      |    41 |    31 ||    72
       Kick              |     8 |     9 ||    17
 Cast: Sandblast         |    39 |     2 ||    41
  Use: Scroll            |       |     1 ||     1
 Stab: Paralysed         |     3 |     1 ||     4
       Sleeping          |     2 |       ||     2
Armor: Robe              |     8 |       ||     8
       Ring mail         |    12 |    10 ||    22
Dodge: Dodged            |    39 |    18 ||    57
